 Dungeon Crawl Stone Soup version 0.28.0-53-g5a82cb258f (webtiles) character file.

Game seed: 13821473760200606029

9 jamesblauser the Grave Robber (level 2, 0/19 HPs)
             Began as a Demonspawn Necromancer on Nov 5, 2022.
             Slain by a dart slug (2 damage)
             ... on level 1 of the Dungeon.
             The game lasted 00:03:10 (340 turns).

jamesblauser the Grave Robber (DsNe)                 Turns: 340, Time: 00:03:11

Health: 0/19       AC:  3    Str:  8    XL:     2   Next: 6%
Magic:  0/5        EV: 11    Int: 16    God:
Gold:   15         SH:  0    Dex: 13    Spells: 3/5 levels left

rFire   + . .      SeeInvis .   e - +0 dagger
rCold   . . .      Faith    .   (no shield)
rNeg    . . .      Spirit   .   g - +0 leather armour
rPois   .          Reflect  .   (no helmet)
rElec   .          Harm     .   (no cloak)
rCorr   +          Rampage  .   (no gloves)
Will    .....                   (no boots)
Stlth   ++........              (no amulet)
HPRegen 0.06/turn               b - ring of protection from fire
MPRegen 0.09/turn               f - ring of resist corrosion

@: no status effects
A: claws 1
a: no special abilities


You were on level 1 of the Dungeon.
You visited 1 branch of the dungeon, and saw 1 of its levels.

You collected 15 gold pieces.

Inventory:

Hand Weapons
 e - a +0 dagger (weapon)
Missiles
 d - a throwing net
Armour
 a - a +0 robe
 g - a +0 leather armour (worn)
Jewellery
 b - a ring of protection from fire (left claw)
 f - a ring of resist corrosion (right claw)
Scrolls
 c - a scroll of fog {unknown}


   Skills:
 + Level 1.7 Dodging
 + Level 1.8 Stealth
 + Level 2.1 Spellcasting
 + Level 4.8 Necromancy


You had 3 spell levels left.
You knew the following spells:

 Your Spells              Type           Power      Damage    Failure   Level
a - Pain                  Necr           68%        1d7       4%          1
b - Animate Skeleton      Necr           34%        N/A       4%          1

Your spell library contained the following spells:

 Spells                   Type           Power      Damage    Failure   Level
 Vampiric Draining        Necr           17%        2d7       12%         3
 Animate Dead             Necr           8%         N/A       38%         4
 Agony                    Necr           17%        N/A       75%         5


Dungeon Overview and Level Annotations

Branches:
Dungeon (1/15)

Altars:


Innate Abilities, Weirdness & Mutations

You have sharp fingernails.


Message History

Aiming: Pain (safe; 4% risk of failure)
Press: ? - help, Q - select action, (/) - cycle Shift-Dir - straight line, f/p - bat
Aim: a bat (moderately wounded, chance to affect: 87%)
The bat writhes in agony.
The bat hits you. The bat hits you but does no damage.
You hit the bat.
You kill the bat!
You have reached level 2!
Your demonic ancestry asserts itself...
Your fingernails lengthen.
Found a stone staircase leading down.
A bat comes into view.
A dart slug comes into view.
The bat barely misses you.
You don't have enough magic to cast this spell.
You miss the bat. The bat barely misses you. The bat hits you.
The bat hits you but does no damage. The bat barely misses you.
The dart slug launches a dart at you. The slug dart hits you.
* * * LOW HITPOINT WARNING * * *
Aiming: Pain (safe; 4% risk of failure)
Press: ? - help, Q - select action, (/) - cycle Shift-Dir - straight line, f - bat
Aim: a bat (chance to affect: 87%)
The bat writhes in agony.
You kill the bat!
You see here a bat corpse.
You hit the dart slug.
The dart slug is lightly wounded.
You hit the dart slug but do no damage.
The dart slug is lightly wounded.
The dart slug launches a dart at you. The slug dart hits you.
* * * LOW HITPOINT WARNING * * *
You hit the dart slug.
The dart slug is moderately wounded.
The dart slug bites you.
You die...

#############
#...........#
#...........#
#......@....#
#####..
#......w†...#
.......
#...........##
......
............>#
....##
............###
≈≈≈..#.
...............
..≈≈...
..##.#...######
...≈≈.. ..
#.#.....#
..♣.≈≈..#.
#.#.....#


You could see a dart slug.

Vanquished Creatures
  2 bats (D:1)
  2 endoplasms (D:1)
  A giant cockroach (D:1)
  A ball python (D:1)
  2 goblins (D:1)
  A kobold (D:1)
9 creatures vanquished.

Notes
Turn   | Place    | Note
-------+----------+-------------------------------------------
     0 | D:1      | jamesblauser the Demonspawn Necromancer began the quest for
                  | the Orb.
     0 | D:1      | Reached XP level 1. HP: 13/13 MP: 3/3
     2 | D:1      | Learned a level 1 spell: Animate Skeleton
   324 | D:1      | Gained mutation: You have sharp fingernails. [demonic
                  | ancestry]
   324 | D:1      | Reached XP level 2. HP: 8/19 MP: 0/5
   340 | D:1      | Slain by a dart slug

Illustrated notes

Levels and vault maps discovered:
D:1:      moated_graveyard_arrival, layout_basic, chequers_garden

Action                   || total
-------------------------++-------
Melee: Dagger            ||     9
 Cast: Pain              ||    12
Armor: Leather armour    ||     3
Dodge: Dodged            ||    11
